 Dungeon Crawl Stone Soup version 0.23.0-33-g5e6c059 (webtiles) character file.

Game seed: 0

169876 vishdafish the Blocker (level 17, -3/136 HPs)
             Began as a Gnoll Fighter on Feb 26, 2019.
             Was the Champion of Nemelex Xobeh.
             Slain by an emperor scorpion (18 damage)
             ... on level 4 of the Spider Nest on Feb 27, 2019.
             The game lasted 01:24:04 (31382 turns).

vishdafish the Blocker (Gnoll Fighter)             Turns: 31382, Time: 01:24:04

Health: -3/136     AC: 26    Str: 35    XL:     17   Next: 98%
Magic:  0/32       EV: 18    Int: 10    God:    Nemelex Xobeh [******]
Gold:   2363       SH:  8    Dex: 14    Spells: 37/39 levels left

rFire    . . .     SeeInvis +   S - +5 battleaxe "Uluametz" {holy, *Noise rElec Dex+2}
rCold    + + .     Gourm    .   (shield currently unavailable)
rNeg     + + +     Faith    .   k - +4 scale mail of Beauty {rC- rN+ Regen+ Str+4}
rPois    .         Spirit   .   a - +1 helmet "Tofaac" {rN++ Regen+ Int-4}
rElec    +         Reflect  +   Q - +0 cloak
rCorr    .         Harm     .   p - +2 pair of gloves
MR       +....                  K - +2 pair of boots of the Assassin {Detection Stab+ Stlth++}
Stlth    ++++++....             O - +4 amulet of reflection
HPRegen  1.12/turn              R - +6 ring of strength
MPRegen  0.23/turn              J - ring "Xireo" {*Slow +Fly rC+++ Dex-4 SInv}

@: lethally poisoned (-3 -> -4), hasted, very quick
A: distributed training, fangs 1, large bone plates 1, thin metallic scales 1,
clever 1, strong 1, strong nose
a: Draw Escape, Draw Destruction, Draw Summoning, Triple Draw, Deal Four, Stack
Five, Renounce Religion, Evoke Flight


You were on level 4 of the Spider Nest.
You worshipped Nemelex Xobeh.
Nemelex Xobeh was exalted by your worship.
You were very hungry.

You visited 4 branches of the dungeon, and saw 27 of its levels.
You also visited: Bailey and Volcano.

You collected 2490 gold pieces.
You spent 127 gold pieces at shops.

Inventory:

Hand Weapons
 S - the +5 battleaxe "Uluametz" (weapon) {holy, *Noise rElec Dex+2}
   (You found it in a bailey)

   It has been blessed by the Shining One to cause great damage to the undead
   and demons.
   It affects your dexterity (+2).
   It insulates you from electricity.
   It may make noises in combat.
 T - a +2 battleaxe of flaming
Missiles
 D - 3 javelins (quivered)
Armour
 a - the +1 helmet "Tofaac" (worn) {rN++ Regen+ Int-4}
   (You found it on level 5 of the Lair of Beasts)

   It affects your intelligence (-4).
   It greatly protects you from negative energy.
   It increases your rate of regeneration.
 c - a +0 shield
 k - the +4 scale mail of Beauty (worn) {rC- rN+ Regen+ Str+4}
   (You found it on level 6 of the Lair of Beasts)

   It affects your strength (+4).
   It makes you vulnerable to cold.
   It protects you from negative energy.
   It increases your rate of regeneration.
 p - a +2 pair of gloves (worn)
 z - the +3 scale mail of Beauty {rElec MR+ Str+2 Int-2}
   (You found it on level 6 of the Dungeon)

   It affects your strength (+2).
   It affects your intelligence (-2).
   It insulates you from electricity.
   It affects your resistance to hostile enchantments.
 K - the +2 pair of boots of the Assassin (worn) {Detection Stab+ Stlth++}
   (You found it in a volcano)

   It makes you much more stealthy.
 Q - a +0 cloak (worn)
Jewellery
 y - an uncursed ring of protection from magic
 H - an uncursed ring of protection from fire
 J - the ring "Xireo" (right hand) {*Slow +Fly rC+++ Dex-4 SInv}
   (You acquired it on level 1 of the Lair of Beasts)

   [ring of flight]

   It affects your dexterity (-4).
   It renders you almost immune to cold.
   It lets you see invisible.
   It lets you fly.
   It may slow you when you take damage.
 O - a +4 amulet of reflection (around neck)
 R - a +6 ring of strength (left hand)
Wands
 b - a wand of enslavement (7)
 q - a wand of paralysis (12)
 w - a wand of digging (10)
 A - a wand of iceblast (2)
Scrolls
 e - 10 scrolls of remove curse
 g - 5 scrolls of fog
 h - 16 scrolls of teleportation
 i - 3 scrolls of magic mapping
 j - 4 scrolls of fear
 o - a scroll of immolation
 x - 6 scrolls of amnesia
 B - 8 scrolls of enchant weapon
 C - a scroll of vulnerability
 E - a scroll of brand weapon
 G - 3 scrolls of enchant armour
 M - a scroll of identify
 N - a scroll of summoning
 P - a scroll of torment
 U - a scroll of silence
Potions
 d - 5 potions of might
 l - 2 potions of cancellation
 m - 2 potions of magic
 n - 2 potions of brilliance
 r - a potion of berserk rage
 s - 6 potions of haste
 t - 5 potions of lignification
 u - 5 potions of agility
 v - 5 potions of resistance
 F - 4 potions of invisibility
 V - 3 potions of flight
 W - 4 potions of mutation
Miscellaneous
 X - a lamp of fire
 Z - a fan of gales
Comestibles
 f - 41 rations
 I - 6 chunks of flesh


   Skills:
 + Level 13.1 Fighting
 + Level 11.7 Short Blades
 + Level 12.4 Long Blades
 + Level 11.7 Axes
 + Level 11.7 Maces & Flails
 + Level 11.7 Polearms
 + Level 11.7 Staves
 + Level 11.7 Slings
 + Level 11.7 Bows
 + Level 11.7 Crossbows
 + Level 11.7 Throwing
 + Level 13.1 Armour
 + Level 11.7 Dodging
 + Level 11.7 Stealth
 + Level 13.1 Shields
 + Level 11.7 Unarmed Combat
 + Level 11.7 Spellcasting
 + Level 10.0 Conjurations
 + Level 10.0 Hexes
 + Level 10.0 Charms
 + Level 10.0 Summonings
 + Level 10.0 Necromancy
 + Level 10.0 Translocations
 + Level 10.0 Transmutations
 + Level 10.0 Fire Magic
 + Level 10.0 Ice Magic
 + Level 10.0 Air Magic
 + Level 10.0 Earth Magic
 + Level 10.0 Poison Magic
 + Level 12.6 Invocations
 + Level 11.7 Evocations


You had 37 spell levels left.
You knew the following spells:

 Your Spells              Type           Power        Failure   Level  Hunger
a - Passwall              Tmut/Erth      ####....     1%          2    None

Your spell library contained the following spells:

 Spells                   Type           Power        Failure   Level  Hunger
 Beastly Appendage        Tmut           ####..       1%          1    None
 Confusing Touch          Hex            ####..       1%          1    None
 Corona                   Hex            ####...      1%          1    None
 Magic Dart               Conj           ####         1%          1    None
 Sandblast                Erth           ####..       1%          1    None
 Shock                    Conj/Air       ####         1%          1    None
 Summon Small Mammal      Summ           ####         1%          1    None
 Blink                    Tloc           N/A          1%          2    None
 Call Imp                 Summ           ####....     1%          2    None
 Ensorcelled Hibernation  Hex/Ice        ####..       1%          2    None
 Poisonous Vapours        Pois/Air       ####..       1%          2    None
 Slow                     Hex            ####....     1%          2    None
 Swiftness                Chrm/Air       ####....     1%          2    None
 Call Canine Familiar     Summ           ####....     1%          3    ##.....
 Confuse                  Hex            ####....     1%          3    ##.....
 Conjure Flame            Conj/Fire      ####....     1%          3    ##.....
 Dazzling Spray           Conj/Hex       ####..       1%          3    ##.....
 Gell's Gravitas          Tloc           ####......   1%          3    ##.....
 Mephitic Cloud           Conj/Pois/Air  ####....     1%          3    ##.....
 Static Discharge         Conj/Air       ####....     1%          3    ##.....
 Stone Arrow              Conj/Erth      ####..       1%          3    ##.....
 Summon Guardian Golem    Hex/Summ       ####....     1%          3    ##.....
 Tukima's Dance           Hex            ####....     1%          3    ##.....
 Airstrike                Air            ####......   3%          4    ####...
 Petrify                  Tmut/Erth      ####....     3%          4    ####...
 Summon Ice Beast         Ice/Summ       ####....     3%          4    ####...
 Summon Lightning Spire   Summ/Air       ####....     3%          4    ####...
 Blade Hands              Tmut           ####......   9%          5    #####..
 Bolt of Magma            Conj/Fire/Erth ####......   9%          5    #####..
 Irradiate                Conj/Tmut      ####......   9%          5    #####..
 Iskenderun's Battlesphe  Conj/Chrm      ####....     9%          5    #####..
 Lee's Rapid Deconstruct  Erth           ####......   9%          5    #####..
 Lightning Bolt           Conj/Air       ####......   9%          5    #####..
 Metabolic Englaciation   Hex/Ice        ####......   9%          5    #####..
 Silence                  Hex/Air        ####......   9%          5    #####..
 Venom Bolt               Conj/Pois      ####......   9%          5    #####..
 Yara's Violent Unravell  Hex/Tmut       ####......   9%          5    #####..
 Conjure Ball Lightning   Conj/Air       ####......   43%         6    #######
 Deflect Missiles         Chrm/Air       ####......   43%         6    #######
 Freezing Cloud           Conj/Ice/Air   ####......   43%         6    #######
 Iron Shot                Conj/Erth      ####......   43%         6    #######
 Statue Form              Tmut/Erth      ####.....    43%         6    #######
 Orb of Destruction       Conj           ####......   95%         7    #######
 Ring of Flames           Chrm/Fire      ####......   95%         7    #######
 Spellforged Servitor     Conj/Summ      ####......   95%         7    #######
 Tornado                  Air            ####......   100%        9    #######


Dungeon Overview and Level Annotations

Branches:
Dungeon (15/15)            Temple (0/1) D:7            Lair (6/6) D:10
  Swamp (0/4) Lair:3       Spider (4/4) Lair:2        Slime (0/5) Lair:6
    Orc (2/2) D:12            Elf (0/3) Orc:2        Vaults (0/5) D:14
 Depths (0/5) D:15

Altars:
Elyvilon
Fedhas
Hepliaklqana
Nemelex Xobeh
Qazlal
Sif Muna
Trog
Beogh
Jiyva

Shops:
D:7 ?   D:12 [   D:14 [   Orc:2 ([([[

Annotations:
Lair:6 1 runed translucent door


Innate Abilities, Weirdness & Mutations

Your experience applies equally to all skills.
You have very sharp teeth.
Your uncanny sense of smell can sniff out nearby items.
You are partially covered in large bone plates. (SH +4)
You are partially covered in thin metallic scales. (AC +2)
Your mind is acute. (Int +2)
Your muscles are strong. (Str +2)


Message History

11 stones; a +0 robe of positive energy; a scroll labeled TEYTZUADEDGH a tarantella corpse; a ghost moth corpse You draw a card...
You have drawn the Pentagram.
You feel sick.
The emperor scorpion stings your sun demon.
The emperor scorpion claws your sun demon!
The emperor scorpion closely misses your sun demon.
The emperor scorpion stings your sun demon!!
Your sun demon dies!
The ghost moth stares at you.
You feel your power leaking away. The ghost moth completely misses you.
The ghost moth misses you. x2
You feel sick. The ghost moth stares at you.
You feel sick. The ghost moth stares at you.
You feel your power leaking away.
Okay, then.
You feel yourself speed up.
You feel sick. The emperor scorpion stings you!!
You die...
Your body glows with a rainbow of weird colours and disappears.

##..# .s #..## .
.^ #^## ## ##..
.. #.# %##.... .^
#^#∆ ......# ##.#
.....##
#^^#######.(....#
#..|s4†..'..†....
^
#†.@yR..††.....^.
.h
#......†.†.†..^..
..
#..#######......#
#..# ∆ .^...##
#..#∆ ..^...#
#..# .##....
#.^## ## ##$^
##...## #..#..#


You could see an emperor scorpion (berserk), a ghost moth (invisible), a
friendly rakshasa and a friendly hellwing.

Vanquished Creatures
  Asterion (Spider:4)
  Roxanne (D:15)
  3 storm dragons
  A fire giant (D:15)
  4 ghost moths
  2 orc warlords
  7 entropy weavers
  Nessos (D:15)
  Azrael (D:15)
  2 spark wasps (Spider:3)
  Snorg (Orc:2)
  5 vault guards (D:14)
  Josephine (D:13)
  12 hydras
  2 death knights
  A centaur warrior (D:15)
  A dancing weapon (Volcano)
  The ghost of Hasart the Slasher, a novice DgFi (D:11)
  9 death yaks
  4 two-headed ogres
  An orc high priest (Orc:2)
  A tengu warrior (D:12)
  A shock serpent (Lair:6)
  Sonja (D:12)
  Urug (Lair:5)
  2 fire crabs
  4 skeletal warriors (D:12)
  A death drake (Spider:3)
  2 unseen horrors
  7 wizards
  2 sea snakes
  16 orb spiders
  4 orc knights
  A lindwurm (Lair:6)
  19 wolf spiders
  3 manticores
  4 orc sorcerers
  10 ugly things
  A moth of wrath (Spider:2)
  4 toenail golems (Volcano)
  2 cyclopes
  4 elephants
  2 centaur skeletons
  7 spiny frogs
  A guardian serpent (Lair:6)
  7 rime drakes
  4 gargoyles
  A spiny frog (shapeshifter) (D:15)
  4 torpor snails
  4 komodo dragons
  A komodo dragon (shapeshifter) (D:14)
  7 demonic crawlers
  2 tengu conjurers
  A freezing wraith (D:13)
  12 trolls
  A meliai (shapeshifter) (D:15)
  35 jumping spiders
  9 hornets
  2 tyrant leeches (Lair:6)
  A merfolk (Spider:3)
  2 wind drakes
  8 polar bears
  8 blink frogs
  Grinder (D:5)
  3 raiju (Lair:6)
  11 hippogriffs
  A centaur simulacrum (D:14)
  51 redbacks
  14 tarantellas
  2 wyverns
  8 wraiths
  29 yaks
  A fire elemental (D:15)
  A hog (shapeshifter) (D:14)
  A human (shapeshifter) (D:15)
  2 hungry ghosts (D:11)
  3 basilisks
  Eustachio (D:5)
  7 vampire mosquitoes
  An acid dragon (D:11)
  11 wargs
  A soldier ant (D:12)
  12 hell hounds
  9 water moccasins
  11 porcupines
  6 sky beasts
  An eye of draining (D:15)
  38 orc warriors
  2 ice beasts
  11 black bears
  4 phantoms
  13 ogres
  17 wolves
  12 centaurs
  10 crocodiles
  4 big kobolds
  10 bullfrogs
  2 wyvern zombies
  A wyvern skeleton (D:12)
  5 scorpions
  9 wights
  20 killer bees
  4 electric eels (D:10)
  A vampire bat (Orc:1)
  A howler monkey (D:11)
  11 crimson imps
  2 centaur zombies
  2 bullfrog zombies
  10 hounds
  2 quasits
  15 orc priests
  5 jellies
  4 bullfrog skeletons
  29 orc wizards
  10 worker ants
  4 iguanas
  Natasha (thrice) (D:2)
  A killer bee zombie (D:10)
  A hound zombie (D:7)
  A hound skeleton (D:11)
  A worker ant zombie (D:7)
  2 howler monkey zombies
  7 gnolls
  10 adders
  A river rat (D:7)
  3 shadow imps
  2 oozes
  An adder skeleton (D:5)
  5 worms
  4 dart slugs (D:1)
  6 leopard geckos
  76 orcs
  3 giant cockroaches
  5 goblins
  6 hobgoblins
  5 jackals
  10 quokkas
  A ball python (D:3)
  15 bats
  6 frilled lizards
  A jackal skeleton (D:4)
  28 kobolds
  A quokka zombie (D:5)
  7 rats
  4 fungi
  4 plants
936 creatures vanquished.

Vanquished Creatures (collateral kills)
  Arachne (Spider:4)
  A ghost moth (Spider:4)
  A spark wasp (Spider:4)
  2 hydras
  A centaur warrior (D:15)
  2 orb spiders (Spider:4)
  A wolf spider (Spider:4)
  An ugly thing (D:14)
  A moth of wrath (Spider:4)
  A black mamba (Spider:4)
  A centaur skeleton (D:15)
  3 jumping spiders (Spider:4)
  2 tarantellas (Spider:4)
  A yak (Lair:3)
  A basilisk (Spider:4)
  A porcupine (Lair:6)
  3 orc warriors (Orc:2)
  A crocodile (Lair:6)
  A bullfrog (Lair:3)
  An orc (Orc:2)
  A bush (Lair:6)
  A fungus (Lair:1)
29 creatures vanquished.

Vanquished Creatures (others)
  A catoblepas (D:14)
  A tengu warrior (D:15)
  A harpy (Spider:4)
  A moth of wrath (Spider:4)
  2 ugly things (D:15)
  3 wolf spiders
  A toenail golem (Volcano)
  A water nymph (Spider:3)
  A komodo dragon (D:15)
  A demonic crawler (Spider:4)
  A troll (Orc:2)
  3 polar bears
  2 jumping spiders
  2 hornets
  A raiju (Lair:6)
  2 redbacks
  2 tarantellas (Spider:4)
  3 fire elementals (D:15)
  2 vampire mosquitoes (D:15)
  An acid dragon (D:15)
  4 hell hounds
  2 orc warriors (D:15)
  A sky beast (D:6)
  A black bear (Lair:6)
  2 wolves (Lair:6)
  3 centaurs (D:15)
  A bullfrog (D:6)
  A killer bee (D:9)
  2 orc priests
  An orc wizard (Orc:2)
  2 worker ants (D:6)
  4 ball lightnings
  3 orcs (Orc:2)
  3 kobolds (Bailey)
  A bush (D:10)
  7 fungi
  28 plants
98 creatures vanquished.

Grand Total: 1063 creatures vanquished

Notes
Turn   | Place    | Note
-------+----------+-------------------------------------------
     0 | D:1      | vishdafish the Gnoll Fighter began the quest for the Orb.
     0 | D:1      | Reached XP level 1. HP: 23/23 MP: 1/1
    63 | D:1      | Reached XP level 2. HP: 29/29 MP: 2/2
   227 | D:1      | Reached XP level 3. HP: 33/35 MP: 3/3
   820 | D:2      | Reached skill level 1 in Invocations
   826 | D:2      | Noticed Natasha
   836 | D:2      | Killed Natasha
   836 | D:2      | Reached skill level 1 in Short Blades
   836 | D:2      | Reached skill level 1 in Axes
   836 | D:2      | Reached skill level 1 in Maces & Flails
   836 | D:2      | Reached skill level 1 in Polearms
   836 | D:2      | Reached skill level 1 in Staves
   836 | D:2      | Reached skill level 1 in Slings
   836 | D:2      | Reached skill level 1 in Bows
   836 | D:2      | Reached skill level 1 in Crossbows
   836 | D:2      | Reached skill level 1 in Throwing
   836 | D:2      | Reached skill level 1 in Dodging
   836 | D:2      | Reached skill level 1 in Stealth
   836 | D:2      | Reached skill level 1 in Unarmed Combat
   836 | D:2      | Reached skill level 1 in Spellcasting
   836 | D:2      | Reached skill level 1 in Evocations
   836 | D:2      | Reached XP level 4. HP: 36/41 MP: 5/5
   869 | D:2      | Noticed Natasha
   875 | D:2      | Killed Natasha
   875 | D:2      | Reached skill level 1 in Conjurations
   875 | D:2      | Reached skill level 1 in Hexes
   875 | D:2      | Reached skill level 1 in Charms
   875 | D:2      | Reached skill level 1 in Summonings
   875 | D:2      | Reached skill level 1 in Necromancy
   875 | D:2      | Reached skill level 1 in Translocations
   875 | D:2      | Reached skill level 1 in Transmutations
   875 | D:2      | Reached skill level 1 in Fire Magic
   875 | D:2      | Reached skill level 1 in Ice Magic
   875 | D:2      | Reached skill level 1 in Air Magic
   875 | D:2      | Reached skill level 1 in Earth Magic
   875 | D:2      | Reached skill level 1 in Poison Magic
  1036 | D:2      | Noticed Natasha
  1041 | D:2      | Killed Natasha
  1041 | D:2      | Reached XP level 5. HP: 41/47 MP: 6/6
  1583 | D:3      | Found a faded altar of an unknown god.
  1742 | D:3      | Found a blossoming altar of Fedhas.
  2054 | D:4      | Noticed an ogre
  2208 | D:4      | Killed an ogre
  2208 | D:4      | Reached XP level 6. HP: 53/53 MP: 8/8
  2319 | D:4      | Reached skill level 5 in Long Blades
  2454 | D:4      | Found a hazy altar of Hepliaklqana.
  2520 | D:4      | Got a faintly glowing war axe
  2524 | D:4      | Identified the cursed +0 war axe "Sotop" {antimagic, +Fly
                  | rC+} (You found it on level 4 of the Dungeon)
  2728 | D:4      | Reached XP level 7. HP: 59/59 MP: 3/10
  2919 | D:5      | Entered Level 5 of the Dungeon
  3252 | D:5      | Found a sparkling altar of Nemelex Xobeh.
  3263 | D:5      | Became a worshipper of Nemelex Xobeh the Trickster
  3314 | D:5      | Received a gift from Nemelex Xobeh
  3355 | D:5      | Noticed Eustachio
  3367 | D:5      | Killed Eustachio
  3398 | D:5      | Reached XP level 8. HP: 52/67 MP: 4/12
  3411 | D:5      | Noticed Grinder
  3429 | D:5      | Paralysed by Grinder for 2 turns
  3432 | D:5      | Killed Grinder
  3745 | D:5      | Got a steaming leather armour
  3796 | D:5      | Identified the +3 leather armour of Creativity {rElec} (You
                  | found it on level 5 of the Dungeon)
  4056 | D:6      | Reached XP level 9. HP: 25/72 MP: 4/14
  4575 | D:6      | Got a jewelled scale mail
  4586 | D:6      | Identified the +2 scale mail of the Ant {-Tele rF- MR+++
                  | SInv} (You found it on level 6 of the Dungeon)
  4730 | D:6      | Received a gift from Nemelex Xobeh
  4748 | D:6      | Got a transparent scale mail
  4759 | D:6      | Identified the +3 scale mail of Beauty {rElec MR+ Str+2
                  | Int-2} (You found it on level 6 of the Dungeon)
  4830 | D:6      | Reached * piety under Nemelex Xobeh
  4982 | D:7      | Found a staircase to the Ecumenical Temple.
  5381 | D:7      | Found Erunuu's Magic Scroll Shoppe.
  5394 | D:7      | Bought a scroll of random uselessness for 15 gold pieces
  5394 | D:7      | Bought a scroll of enchant armour for 112 gold pieces
  5467 | D:7      | Received a gift from Nemelex Xobeh
  5907 | D:8      | Reached skill level 5 in Invocations
  6129 | D:8      | Reached ** piety under Nemelex Xobeh
  6352 | D:9      | Reached XP level 10. HP: 71/80 MP: 5/17
  6716 | D:9      | Reached skill level 5 in Short Blades
  6716 | D:9      | Reached skill level 5 in Axes
  6716 | D:9      | Reached skill level 5 in Maces & Flails
  6716 | D:9      | Reached skill level 5 in Polearms
  6716 | D:9      | Reached skill level 5 in Staves
  6716 | D:9      | Reached skill level 5 in Slings
  6716 | D:9      | Reached skill level 5 in Bows
  6716 | D:9      | Reached skill level 5 in Crossbows
  6716 | D:9      | Reached skill level 5 in Throwing
  6716 | D:9      | Reached skill level 5 in Dodging
  6716 | D:9      | Reached skill level 5 in Stealth
  6716 | D:9      | Reached skill level 5 in Unarmed Combat
  6716 | D:9      | Reached skill level 5 in Spellcasting
  6716 | D:9      | Reached skill level 5 in Evocations
  6733 | D:9      | HP: 4/81 [poisoned by a water moccasin]
  6738 | D:9      | HP: 3/81 [poisoned by a water moccasin]
  6745 | D:9      | HP: 3/81 [poisoned by a water moccasin]
  6753 | D:9      | HP: 3/81 [poisoned by a water moccasin]
  7126 | D:9      | Found a stormy altar of Qazlal.
  7128 | D:9      | Found a bloodstained altar of Trog.
  7130 | D:9      | Found a white marble altar of Elyvilon.
  7132 | D:9      | Found a deep blue altar of Sif Muna.
  7161 | D:10     | Entered Level 10 of the Dungeon
  7161 | D:10     | Received a gift from Nemelex Xobeh
  7898 | D:10     | Found a staircase to the Lair.
  8213 | D:10     | Reached *** piety under Nemelex Xobeh
  8213 | D:10     | Received a gift from Nemelex Xobeh
  8669 | D:11     | Received a gift from Nemelex Xobeh
  8687 | D:11     | Noticed Hasart's ghost (novice DgFi)
  8687 | D:11     | Noticed a gargoyle
  8707 | D:11     | Noticed a two-headed ogre
  8740 | D:11     | Found a runed translucent gate.
  8740 | D:11     | Found a runed translucent gate.
  8748 | D:11     | Found a flagged portal.
  8796 | Bailey   | Entered a bailey
  8852 | Bailey   | Reached XP level 11. HP: 78/87 MP: 6/19
  8861 | Bailey   | Got a pitted battleaxe
  8862 | Bailey   | Identified the +5 battleaxe "Uluametz" {holy, *Noise rElec
                  | Dex+2} (You found it in a bailey)
  8884 | Bailey   | Found a bloodstained altar of Trog.
  9087 | D:11     | Noticed a two-headed ogre
  9107 | D:11     | Killed a two-headed ogre
  9139 | D:11     | Noticed a two-headed ogre
  9145 | D:11     | Killed a two-headed ogre
  9145 | D:11     | Reached skill level 5 in Conjurations
  9145 | D:11     | Reached skill level 5 in Hexes
  9145 | D:11     | Reached skill level 5 in Charms
  9145 | D:11     | Reached skill level 5 in Summonings
  9145 | D:11     | Reached skill level 5 in Necromancy
  9145 | D:11     | Reached skill level 5 in Translocations
  9145 | D:11     | Reached skill level 5 in Transmutations
  9145 | D:11     | Reached skill level 5 in Fire Magic
  9145 | D:11     | Reached skill level 5 in Ice Magic
  9145 | D:11     | Reached skill level 5 in Air Magic
  9145 | D:11     | Reached skill level 5 in Earth Magic
  9145 | D:11     | Reached skill level 5 in Poison Magic
  9954 | D:11     | Noticed a cyclops
  9959 | D:11     | Reached **** piety under Nemelex Xobeh
  9964 | D:11     | Killed a cyclops
 10263 | D:11     | Noticed a green ugly thing
 10273 | D:11     | Killed a green ugly thing
 10386 | D:11     | Found a runed translucent gate.
 10449 | D:11     | Killed an unseen horror
 11146 | Lair:1   | Entered Level 1 of the Lair of Beasts
 11152 | Lair:1   | Received a gift from Nemelex Xobeh
 11396 | Lair:1   | Reached XP level 12. HP: 48/96 MP: 22/22
 11718 | Lair:1   | Noticed a five-headed hydra
 11740 | Lair:1   | Killed a seven-headed hydra
 11814 | Lair:1   | Noticed a seven-headed hydra
 11820 | Lair:1   | Killed a seven-headed hydra
 11824 | Lair:1   | Received a gift from Nemelex Xobeh
 11967 | Lair:1   | Identified a scroll of acquirement
 11971 | Lair:1   | Got an ancient granite ring
 11973 | Lair:1   | Identified the ring "Xireo" {*Slow +Fly rC+++ Dex-4 SInv}
                  | (You acquired it on level 1 of the Lair of Beasts)
 12132 | Lair:2   | Found a hole to the Spider Nest.
 12811 | Lair:2   | Noticed a six-headed hydra
 12820 | Lair:2   | Killed a six-headed hydra
 13141 | Lair:2   | Reached ***** piety under Nemelex Xobeh
 13153 | Lair:2   | Received a gift from Nemelex Xobeh
 13873 | Lair:3   | Noticed a death yak
 13877 | Lair:3   | Noticed a death yak
 13899 | Lair:3   | Noticed a death yak
 13902 | Lair:3   | Killed a death yak
 13902 | Lair:3   | Noticed a death yak
 13929 | Lair:2   | Killed a death yak
 13929 | Lair:2   | Reached skill level 10 in Fighting
 13929 | Lair:2   | Reached skill level 10 in Armour
 13929 | Lair:2   | Reached skill level 10 in Shields
 13933 | Lair:3   | Noticed a death yak
 13934 | Lair:3   | Noticed a death yak
 13946 | Lair:2   | Killed a death yak
 14067 | Lair:2   | Killed a death yak
 14304 | Lair:2   | Killed a death yak
 14304 | Lair:2   | Reached XP level 13. HP: 47/103 MP: 24/24
 15108 | Lair:3   | Received a gift from Nemelex Xobeh
 15644 | Lair:3   | Received a gift from Nemelex Xobeh
 15762 | Lair:3   | Found a staircase to the Swamp.
 16136 | Lair:3   | Learned a level 2 spell: Passwall
 17012 | Lair:4   | Received a gift from Nemelex Xobeh
 17968 | Lair:4   | Received a gift from Nemelex Xobeh
 18405 | Lair:5   | Noticed Urug
 18418 | Lair:5   | Killed Urug
 18580 | Lair:5   | Got a bloodstained helmet
 18586 | Lair:5   | Identified the +1 helmet "Tofaac" {rN++ Regen+ Int-4} (You
                  | found it on level 5 of the Lair of Beasts)
 18666 | Lair:5   | Received a gift from Nemelex Xobeh
 19278 | Lair:6   | Entered Level 6 of the Lair of Beasts
 19284 | Lair:6   | Received a gift from Nemelex Xobeh
 19472 | Lair:6   | Reached XP level 14. HP: 83/111 MP: 26/26
 19526 | Lair:6   | Reached ****** piety under Nemelex Xobeh
 19562 | Lair:6   | Noticed a storm dragon
 19562 | Lair:6   | an eight-headed hydra changed into a storm dragon
 19570 | Lair:6   | Killed a storm dragon
 19709 | Lair:6   | Reached skill level 10 in Long Blades
 19895 | Lair:6   | Found a viscous altar of Jiyva.
 19898 | Lair:6   | Found a staircase to the Slime Pits.
 20070 | Lair:6   | Received a gift from Nemelex Xobeh
 20536 | Lair:6   | Paralysed by a hornet for 2 turns
 20663 | Lair:6   | Found a runed translucent door.
 20675 | Lair:6   | Paralysed by a hornet for 3 turns
 20694 | Lair:6   | Reached skill level 10 in Invocations
 21171 | Lair:6   | Got a bloodstained scale mail
 21182 | Lair:6   | Identified the +4 scale mail of Beauty {rC- rN+ Regen+
                  | Str+4} (You found it on level 6 of the Lair of Beasts)
 21612 | D:11     | Killed Hasart's ghost
 21668 | D:12     | Received a gift from Nemelex Xobeh
 21768 | D:12     | Found Doecounkiss's Antique Armour Shop.
 21919 | D:12     | Noticed Sonja
 21921 | D:12     | Killed Sonja
 22031 | D:12     | Found a staircase to the Orcish Mines.
 22035 | D:12     | Gained mutation: You are somewhat resistant to further
                  | mutation. [potion of mutation]
 22035 | D:12     | Gained mutation: Your mind is acute. (Int +2) [potion of
                  | mutation]
 22036 | D:12     | Lost mutation: You are somewhat resistant to further
                  | mutation. [potion of mutation]
 22036 | D:12     | Gained mutation: Your muscles are strong. (Str +2) [potion
                  | of mutation]
 22036 | D:12     | Gained mutation: You are partially covered in large bone
                  | plates. (SH +4) [potion of mutation]
 22036 | D:12     | Gained mutation: You are partially covered in thin metallic
                  | scales. (AC +2) [potion of mutation]
 22133 | D:12     | Received a gift from Nemelex Xobeh
 22244 | D:12     | Reached XP level 15. HP: 42/119 MP: 28/28
 22531 | Orc:1    | Entered Level 1 of the Orcish Mines
 22639 | Orc:1    | Noticed an orc warlord
 22655 | Orc:1    | Killed an orc warlord
 22819 | Orc:2    | Entered Level 2 of the Orcish Mines
 22866 | Orc:2    | Found a staircase to the Elven Halls.
 23052 | Orc:2    | Found a roughly hewn altar of Beogh.
 23052 | Orc:2    | Received a gift from Nemelex Xobeh
 23115 | Orc:2    | Found Kippiuk's Armour Emporium.
 23132 | Orc:2    | Found a dark tunnel.
 23140 | Orc:2    | Noticed Snorg
 23144 | Volcano  | Entered a volcano
 23290 | Volcano  | Found the +2 pair of boots of the Assassin {Detection Stab+
                  | Stlth++}
 23454 | Orc:2    | Killed Snorg
 23583 | Orc:2    | Found a roughly hewn altar of Beogh.
 23641 | Orc:2    | Noticed an orc warlord
 23657 | Orc:2    | Killed an orc warlord
 23657 | Orc:2    | Reached skill level 10 in Short Blades
 23657 | Orc:2    | Reached skill level 10 in Axes
 23657 | Orc:2    | Reached skill level 10 in Maces & Flails
 23657 | Orc:2    | Reached skill level 10 in Polearms
 23657 | Orc:2    | Reached skill level 10 in Staves
 23657 | Orc:2    | Reached skill level 10 in Slings
 23657 | Orc:2    | Reached skill level 10 in Bows
 23657 | Orc:2    | Reached skill level 10 in Crossbows
 23657 | Orc:2    | Reached skill level 10 in Throwing
 23657 | Orc:2    | Reached skill level 10 in Dodging
 23657 | Orc:2    | Reached skill level 10 in Stealth
 23657 | Orc:2    | Reached skill level 10 in Unarmed Combat
 23657 | Orc:2    | Reached skill level 10 in Spellcasting
 23657 | Orc:2    | Reached skill level 10 in Evocations
 23671 | Orc:2    | Found Awiosevo's Antique Weapon Emporium.
 23672 | Orc:2    | Found a roughly hewn altar of Beogh.
 23683 | Orc:2    | Found Qutoppoxt's Antique Armour Shoppe.
 23778 | Orc:2    | Found a roughly hewn altar of Beogh.
 23817 | Orc:2    | Found a roughly hewn altar of Beogh.
 23872 | Orc:2    | Found Unooluh's Weapon Emporium.
 24141 | Orc:2    | Found a roughly hewn altar of Beogh.
 24146 | Orc:2    | Found Sushaol's Antique Armour Boutique.
 24433 | D:13     | Received a gift from Nemelex Xobeh
 24652 | D:13     | Noticed Josephine
 24666 | D:13     | Killed Josephine
 25194 | D:14     | Received a gift from Nemelex Xobeh
 25434 | D:14     | Reached XP level 16. HP: 127/127 MP: 30/30
 25521 | D:14     | Found a gate to the Vaults.
 25548 | D:14     | Found Vopych's Armour Shop.
 25919 | D:15     | Entered Level 15 of the Dungeon
 25920 | D:15     | Noticed Jorgrun
 25928 | D:15     | Noticed Jorgrun
 25928 | D:15     | Jorgrun changed into Jorgrun the storm dragon
 25936 | D:15     | Killed Jorgrun the storm dragon
 25968 | D:15     | Noticed Nessos
 25974 | D:15     | Killed Nessos
 25987 | D:15     | Noticed Azrael
 26025 | D:15     | Killed Azrael
 26125 | D:15     | Received a gift from Nemelex Xobeh
 26240 | D:15     | Found a staircase to the Depths.
 26346 | D:15     | Identified Roxanne's Guide on Moulding
 26346 | D:15     | Noticed Roxanne
 26367 | D:15     | Killed Roxanne
 27078 | Spider:1 | Entered Level 1 of the Spider Nest
 27165 | Spider:1 | Received a gift from Nemelex Xobeh
 27398 | Spider:1 | Received a gift from Nemelex Xobeh
 28583 | Spider:2 | Received a gift from Nemelex Xobeh
 28593 | Spider:2 | Reached XP level 17. HP: 125/135 MP: 32/32
 29992 | Spider:3 | Received a gift from Nemelex Xobeh
 30394 | Spider:4 | Entered Level 4 of the Spider Nest
 30637 | Spider:4 | Noticed Asterion
 30641 | Spider:4 | Noticed Arachne
 30644 | Spider:4 | Killed Asterion
 31012 | Spider:4 | Received a gift from Nemelex Xobeh
 31183 | Spider:4 | Paralysed by a hornet for 2 turns
 31201 | Spider:4 | Killed Arachne
 31232 | Spider:4 | HP: 4/136 [emperor scorpion (8)]
 31240 | Spider:4 | Reached skill level 10 in Conjurations
 31240 | Spider:4 | Reached skill level 10 in Hexes
 31240 | Spider:4 | Reached skill level 10 in Charms
 31240 | Spider:4 | Reached skill level 10 in Summonings
 31240 | Spider:4 | Reached skill level 10 in Necromancy
 31240 | Spider:4 | Reached skill level 10 in Translocations
 31240 | Spider:4 | Reached skill level 10 in Transmutations
 31240 | Spider:4 | Reached skill level 10 in Fire Magic
 31240 | Spider:4 | Reached skill level 10 in Ice Magic
 31240 | Spider:4 | Reached skill level 10 in Air Magic
 31240 | Spider:4 | Reached skill level 10 in Earth Magic
 31240 | Spider:4 | Reached skill level 10 in Poison Magic
 31382 | Spider:4 | Slain by an emperor scorpion

Skill      XL: |  1  2  3  4  5  6  7  8  9 10 11 12 13 14 15 16 17 |
---------------+----------------------------------------------------+-----
Invocations    | 1 2 3 4 5 6 7 8 9 10 11 12 | 12.6
Short Blades   | 1 2 3 4 5 6 7 8 9 10 11 | 11.7
Axes           | 1 2 3 4 5 6 7 8 9 10 11 | 11.7
Maces & Flails | 1 2 3 4 5 6 7 8 9 10 11 | 11.7
Polearms       | 1 2 3 4 5 6 7 8 9 10 11 | 11.7
Staves         | 1 2 3 4 5 6 7 8 9 10 11 | 11.7
Slings         | 1 2 3 4 5 6 7 8 9 10 11 | 11.7
Bows           | 1 2 3 4 5 6 7 8 9 10 11 | 11.7
Crossbows      | 1 2 3 4 5 6 7 8 9 10 11 | 11.7
Throwing       | 1 2 3 4 5 6 7 8 9 10 11 | 11.7
Dodging        | 1 2 3 4 5 6 7 8 9 10 11 | 11.7
Stealth        | 1 2 3 4 5 6 7 8 9 10 11 | 11.7
Unarmed Combat | 1 2 3 4 5 6 7 8 9 10 11 | 11.7
Spellcasting   | 1 2 3 4 5 6 7 8 9 10 11 | 11.7
Evocations     | 1 2 3 4 5 6 7 8 9 10 11 | 11.7
Conjurations   | 1 2 3 4 5 6 7 8 9 10 | 10.0
Hexes          | 1 2 3 4 5 6 7 8 9 10 | 10.0
Charms         | 1 2 3 4 5 6 7 8 9 10 | 10.0
Summonings     | 1 2 3 4 5 6 7 8 9 10 | 10.0
Necromancy     | 1 2 3 4 5 6 7 8 9 10 | 10.0
Translocations | 1 2 3 4 5 6 7 8 9 10 | 10.0
Transmutations | 1 2 3 4 5 6 7 8 9 10 | 10.0
Fire Magic     | 1 2 3 4 5 6 7 8 9 10 | 10.0
Ice Magic      | 1 2 3 4 5 6 7 8 9 10 | 10.0
Air Magic      | 1 2 3 4 5 6 7 8 9 10 | 10.0
Earth Magic    | 1 2 3 4 5 6 7 8 9 10 | 10.0
Poison Magic   | 1 2 3 4 5 6 7 8 9 10 | 10.0
Long Blades    | 5 6 7 8 9 10 11 12 | 12.4
Fighting       | 7 8 9 10 11 12 13 | 13.1
Armour         | 7 8 9 10 11 12 13 | 13.1
Shields        | 7 8 9 10 11 12 13 | 13.1

Action                   |  1- 3 |  4- 6 |  7- 9 | 10-12 | 13-15 | 16-18 || total
-------------------------+-------+-------+-------+-------+-------+-------++-------
Melee: Long sword        |    78 |   147 |       |       |       |       ||   225
       Bite              |    11 |    18 |    43 |    94 |   134 |   106 ||   406
       War axe           |       |    13 |   302 |   255 |       |       ||   570
       Battleaxe         |       |       |       |   342 |   923 |   601 ||  1866
 Fire: Blowgun           |       |     4 |     6 |     5 |       |       ||    15
Throw: Tomahawk          |       |       |       |    27 |    13 |       ||    40
       Javelin           |       |       |       |       |    56 |    60 ||   116
Invok: Triple Draw       |       |       |       |       |       |     1 ||     1
 Abil: Draw Destruction  |       |       |     5 |    12 |    43 |    42 ||   102
       Draw Summoning    |       |       |       |     2 |     6 |    13 ||    21
       Draw Escape       |       |       |       |       |     3 |     6 ||     9
Evoke: Wand              |       |       |     4 |    45 |    35 |    25 ||   109
       Phantom mirror    |       |       |       |     1 |       |       ||     1
       Lamp of fire      |       |       |       |     1 |     1 |     2 ||     4
       Fan of gales      |       |       |       |       |     1 |       ||     1
       Sack of spiders   |       |       |       |       |     1 |       ||     1
  Use: Scroll            |       |     6 |     6 |     9 |     8 |     7 ||    36
       Potion            |       |       |     2 |     2 |     4 |    11 ||    19
 Stab: Sleeping          |       |       |     1 |     2 |    12 |    14 ||    29
       Paralysed         |       |       |       |    27 |     7 |     4 ||    38
       Distracted        |       |       |       |     2 |     6 |     5 ||    13
       Petrified         |       |       |       |       |     3 |     1 ||     4
       Petrifying        |       |       |       |       |     1 |       ||     1
  Eat: Chunk             |       |     6 |     8 |    19 |    24 |    13 ||    70
       Ration            |       |       |     1 |     2 |     4 |     2 ||     9
Armor: Scale mail        |    26 |    62 |   122 |   287 |   489 |   528 ||  1514
       Leather armour    |       |       |    20 |       |       |       ||    20
Dodge: Dodged            |    21 |    46 |   144 |   370 |   861 |   840 ||  2282
Block: Shield            |    53 |    97 |   233 |   205 |       |       ||   588
       Reflection        |       |       |       |    21 |     7 |    12 ||    40
       Other             |       |       |       |    78 |   334 |   404 ||   816
       Rpst.: Long sword |     3 |    12 |       |       |       |       ||    15
